 Dungeon Crawl Stone Soup version 0.28.0-53-g5a82cb258f (console) character file.

Game seed: 2928492755221997598

29447 Hector the Thaumaturge (level 13, -5/95 HPs)
             Began as a Djinni Cinder Acolyte on Oct 18, 2022.
             Was a High Priest of Ignis.
             Slain by a meliai
             ... wielding a +0 broad axe
              (15 damage)
             ... in a Gauntlet.
             The game lasted 01:29:33 (19530 turns).

Hector the Thaumaturge (Djinni Cinder Acolyte)     Turns: 19530, Time: 01:29:33

Health: -5/95      AC: 16    Str: 13    XL:     13   Next: 81%
Gold:   520        EV: 12    Int: 27    God:    Ignis [*****.] SH:  5 Dex:  9

rFire   + + +      SeeInvis .   b - +3 dagger (venom)
rCold   . . .      Faith    .   i - +0 buckler
rNeg    . . .      Spirit   .   f - +2 ring mail {rC+}
rPois   ∞          Reflect  .   h - +2 helmet
rElec   .          Harm     .   e - +1 cloak of Repulsion {Will+}
rCorr   .          Rampage  .   g - +0 pair of gloves
Will    ++...      NoTele   +   (boots unavailable)
Stlth   ..........              K - amulet of regeneration
HPRegen 1.05/turn               W - ring of wizardry
MPRegen 0.00/turn               x - +6 ring of intelligence

@: flying, studying 3 skills
A: sickness immunity, fire resistance 2, cold vulnerability 1, float, innate
caster, HP casting, extra vitality 1
a: Renounce Religion, Fiery Armour, Foxfire Swarm, Rising Flame


You were in a Gauntlet.
You worshipped Ignis.
Ignis was extremely pleased with you.
You visited 2 branches of the dungeon, and saw 15 of its levels.
You also visited: Gauntlet.

You collected 983 gold pieces.
You spent 463 gold pieces at shops.

Inventory:

Hand Weapons
 a - a -1 spear of flaming
 b - a +3 dagger of venom (weapon)
 j - a +4 scimitar of flaming
 u - a +0 vorpal trident
 A - a +2 whip of freezing
 D - a +1 whip of venom
 H - a +4 trident of pain
Missiles
 t - 14 boomerangs
 y - 4 silver boomerangs
 I - 2 throwing nets
Armour
 d - +0 acid dragon scales
 e - the +1 cloak of Repulsion (worn) {Will+}
   (You bought it in a shop on level 7 of the Dungeon)

   Will:      It increases your willpower.
 f - a +2 ring mail of cold resistance (worn)
 g - a +0 pair of gloves (worn)
 h - a +2 helmet (worn)
 i - a +0 buckler (worn)
 Q - a +1 troll leather armour
 S - a +0 kite shield
Magical Staves
 F - a staff of fire
Jewellery
 x - a +6 ring of intelligence (right hand)
 E - a ring of resist corrosion
 K - an amulet of regeneration (around neck)
 W - a ring of wizardry (left hand)
Wands
 n - a wand of polymorph (2)
 B - a wand of charming (4)
 L - a wand of acid (2)
 M - a wand of mindburst (8)
 O - a wand of flame (24)
Scrolls
 m - a scroll of magic mapping
 o - 4 scrolls of teleportation
 s - 2 scrolls of blinking
 v - 2 scrolls of identify
 P - 2 scrolls of fear
Potions
 k - 2 potions of resistance
 l - 2 potions of invisibility
 p - 3 potions of curing {unknown}
 q - 2 potions of brilliance
 r - a potion of cancellation {unknown}
 w - a potion of ambrosia
 T - a potion of berserk rage


   Skills:
 * Level 9.6 Fighting
 * Level 2.8 Short Blades
 - Level 2.4 Polearms
 * Level 8.5 Armour
 * Level 8.7 Dodging
 * Level 6.3 Shields
 + Level 13.2 Spellcasting


You had 17 spell levels left.
You knew the following spells:

 Your Spells              Type           Power      Damage    Failure   Level
a - Scorch                Fire           100%       2d10      1%          2
b - Wereblood             Tmut           73%        N/A       1%          2
d - Static Discharge      Conj/Air       73%        N/A       1%          2
l - Lightning Bolt        Conj/Air       36%        1d54      1%          5
m - Manifold Assault      Tloc           73%        N/A       1%          5
s - Sticky Flame          Conj/Fire      73%        2d9       1%          4
z - Foxfire               Conj/Fire      100%       2x1d9     1%          1
Your spell library was empty.

Dungeon Overview and Level Annotations

Branches:
Dungeon (11/15)            Temple (0/1) D:4            Lair (4/6) D:11
  Snake (0/4) Lair:3          Orc (0/2) D:9         Gauntlet (1/1)
  Swamp: Lair:2-4    Shoals: Lair:2-4

Altars:
Dithmenos
Elyvilon
Hepliaklqana
Kikubaaqudgha
Qazlal
Ru
Sif Muna
Vehumet
Yredelemnul
Zin
The Shining One
Beogh

Shops:
D:2 (   D:5 (   D:6 [   D:7 [   D:9 **

Annotations:
D:6 1 runed translucent door, Crazy Yiuf
D:8 1 runed translucent door, 2 transporters, DocClef's ghost, novice GnFE Gauntlet 7 transporters, exclusion: ice statue


Innate Abilities, Weirdness & Mutations

You are immune to sickness and miasma.
You are immune to poison.
Your flesh is very heat resistant. (rF++)
You are vulnerable to cold. (rC-)
You float through the air rather than walking.
You learn spells naturally, not from books.
Your magical power is your life essence.
You have superior vitality. (+4 MHP)


Message History

* * * LOW HITPOINT WARNING * * *
Unknown command.
Unknown command.
You feel much better.
The meliai burns! x2
The meliai hits you with a +0 hand axe. The meliai completely misses you.
The meliai barely misses you. The meliai stings you!
The meliai hits you with a +0 hand axe.
* * * LOW HITPOINT WARNING * * *
The meliai stings you but does no damage.
The meliai hits you with a +0 broad axe.
* * * LOW HITPOINT WARNING * * *
The meliai stings you.
* * * LOW HITPOINT WARNING * * *
Unknown command.
Casting: Scorch (safe; 1% risk of failure)
Press: ? - help, Q - select action, (/) - cycle Dir - look around, f - activate Flames lash the meliai.
The meliai is severely wounded.
The meliai's fire resistance burns away.
* * * LOW HITPOINT WARNING * * *
The meliai burns! x2; The meliai hits you but does no damage.
The meliai stings you but does no damage.
The meliai calls upon its god to heal the meliai.
The meliai is healed somewhat.
The meliai calls upon its god to heal the meliai.
The meliai is healed somewhat.
The meliai closely misses you. The meliai stings you.
* * * LOW HITPOINT WARNING * * *
Unknown command.
Casting: Scorch (safe; 1% risk of failure)
Press: ? - help, Q - select action, (/) - cycle Dir - look around, f - activate Flames lash the meliai.
The meliai is burned terribly!
You kill the meliai!
* * * LOW HITPOINT WARNING * * *
The meliai burns!
The meliai hits you with a +0 broad axe!
* * * LOW HITPOINT WARNING * * *
The meliai barely misses you.
The meliai hits you with a +0 broad axe!
You die...

#≈....§.........∩.........
##..###########..#########
#≈..#[y#.©.#[.#..#.[(©!..#
##..##..#.#..##..#.......#
#≈..#.#..#..#.#..#.#####.#
##..#..#...#..#..#...©...#
#§..##..#.#..##..#.#####.#
##§.#.#..#..#.#..#......Y#
#≈..#..#)@)#..#..#....YYY#
##§.#...#y#...#..#########
#§..#....#....#.....#©#...
##..###########.....#©#...
#≈......#©#......#########
##......#©#......#.!#©#=.#
#≈..###########..#.#.#.#.#
##..#....©.)..#..#5#.#.#.#
#≈..#.^.#.#^^.#..#5.#©#..#


You could see a meliai (burning).

Vanquished Creatures
  A boulder beetle (D:9)
  3 hydras
  A centaur warrior (D:9)
  An ogre mage (D:11)
  Erica (D:11)
  A two-headed ogre (D:9)
  Sonja (Lair:4)
  A fire crab (shapeshifter) (Gauntlet)
  Pikel (D:6)
  2 cyclopes (D:11)
  4 black mambas (Lair:3)
  9 cane toads
  A gargoyle (D:11)
  Maggie (D:6)
  5 komodo dragons
  A rime drake (Lair:2)
  A komodo dragon (shapeshifter) (Gauntlet)
  2 meliai (Gauntlet)
  A polar bear (Lair:4)
  A troll (D:10)
  A hornet (D:8)
  Grinder (D:6)
  A shadow (D:11)
  A wraith (D:5)
  40 yaks
  3 wyverns
  Eustachio (D:5)
  Grum (D:9)
  2 steam dragons
  2 vampire mosquitoes (D:11)
  5 basilisks
  Menkaure (D:6)
  4 swamp worms
  An acid dragon (D:6)
  14 water moccasins
  4 sky beasts
  3 orc warriors (D:9)
  2 hornet zombies
  2 ogres
  An ice beast (D:5)
  A necrophage (D:5)
  5 wolves
  3 centaurs
  3 lemures
  A kobold brigand (D:6)
  9 bullfrogs
  2 gnoll sergeants
  4 scorpions
  9 killer bees
  5 howler monkeys
  2 centaur zombies
  7 orc priests
  2 centaur skeletons
  A gnoll shaman (D:7)
  3 hounds (D:5)
  2 jellies
  A bullfrog skeleton (D:6)
  Jessica (D:3)
  4 iguanas
  13 orc wizards
  A killer bee zombie (D:5)
  A human simulacrum (D:10)
  A hound skeleton (D:5)
  A hound zombie (D:5)
  A howler monkey zombie (D:5)
  Robin (D:4)
  19 gnolls
  2 howler monkey skeletons
  5 adders
  A shadow imp (D:7)
  A white imp (D:5)
  An ufetubus (D:5)
  2 dart slugs
  46 orcs
  11 ball pythons
  8 endoplasms
  5 giant cockroaches
  19 goblins
  10 hobgoblins
  6 jackals
  10 kobolds
  3 quokkas
  A ball python skeleton (D:2)
  4 bats
  5 frilled lizards
  3 rats
375 creatures vanquished.

Vanquished Creatures (collateral kills)
  5 foxfires
5 creatures vanquished.

Vanquished Creatures (others)
  A human simulacrum (D:10)
  733 foxfires
  15 fungi
  60 plants
809 creatures vanquished.

Grand Total: 1189 creatures vanquished

Notes
Turn   | Place    | Note
-------+----------+-------------------------------------------
     0 | D:1      | Hector the Djinni Cinder Acolyte began the quest for the
                  | Orb.
     0 | D:1      | Reached XP level 1. HP: 20/20 MP: 0/0
   114 | D:1      | Reached XP level 2. HP: 22/25 MP: 0/0
   577 | D:1      | Found a faded altar of an unknown god.
   665 | D:1      | Reached XP level 3. HP: 18/30 MP: 0/0
   665 | D:1      | Learned a level 1 spell: Foxfire
  1313 | D:2      | Reached skill level 3 in Spellcasting
  1569 | D:2      | Found Unetur's Weapon Boutique.
  1902 | D:2      | Reached XP level 4. HP: 34/37 MP: 0/0
  2081 | D:2      | Found a basalt altar of Yredelemnul.
  2778 | D:3      | Noticed Jessica
  2780 | D:3      | Killed Jessica
  2958 | D:3      | Reached XP level 5. HP: 39/41 MP: 0/0
  2958 | D:3      | Learned a level 2 spell: Static Discharge
  3477 | D:3      | Reached skill level 1 in Dodging
  3477 | D:3      | Reached skill level 1 in Shields
  3815 | D:4      | Reached skill level 4 in Spellcasting
  3815 | D:4      | Reached XP level 6. HP: 37/47 MP: 0/0
  4276 | D:4      | Found a staircase to the Ecumenical Temple.
  4620 | D:4      | Noticed an ogre
  4625 | D:4      | Killed an ogre
  4626 | D:4      | Reached XP level 7. HP: 46/52 MP: 0/0
  4626 | D:4      | Learned a level 2 spell: Wereblood
  5235 | D:4      | Reached skill level 5 in Spellcasting
  5573 | D:4      | Noticed Robin
  5600 | D:4      | Killed Robin
  6093 | D:5      | Entered Level 5 of the Dungeon
  6206 | D:5      | Noticed Eustachio
  6228 | D:5      | Killed Eustachio
  6229 | D:5      | Reached XP level 8. HP: 34/58 MP: 0/0
  6704 | D:5      | Noticed a wraith
  6714 | D:5      | Killed a wraith
  6715 | D:5      | Reached skill level 6 in Spellcasting
  6813 | D:5      | Reached skill level 5 in Fighting
  7188 | D:5      | Found a hazy altar of Hepliaklqana.
  7188 | D:5      | Found a glowing silver altar of Zin.
  7188 | D:5      | Found a glowing golden altar of the Shining One.
  7236 | D:5      | Found Dathec's Antique Weapon Boutique.
  7475 | D:6      | Noticed Pikel
  7476 | D:6      | Noticed a yak
  7510 | D:6      | Noticed a yak
  7514 | D:6      | Noticed a yak
  7515 | D:6      | Killed a yak
  7516 | D:6      | Reached skill level 1 in Armour
  7516 | D:6      | Reached XP level 9. HP: 60/65 MP: 0/0
  7516 | D:6      | Learned a level 4 spell: Sticky Flame
  7703 | D:6      | Reached skill level 7 in Spellcasting
  7709 | D:6      | Noticed Maggie
  8158 | D:6      | Found Jezyu's Antique Armour Shoppe.
  8162 | D:6      | Noticed Menkaure
  8171 | D:6      | Killed Menkaure
  8397 | D:6      | Reached XP level 10. HP: 35/72 MP: 0/0
  8606 | D:6      | Noticed Grinder
  8611 | D:6      | Killed Grinder
  8612 | D:6      | Reached skill level 5 in Dodging
  8612 | D:6      | Reached skill level 8 in Spellcasting
  9040 | D:6      | Killed Pikel
  9181 | D:6      | Killed Maggie
  9395 | D:6      | Found a sacrificial altar of Ru.
  9471 | D:6      | Found a runed translucent door.
  9472 | D:6      | Noticed Crazy Yiuf
 10045 | D:7      | Reached skill level 9 in Spellcasting
 10500 | D:7      | Found Fysos's Antique Armour Shoppe.
 10503 | D:7      | Bought an ancient cloak for 304 gold pieces
 10503 | D:7      | Identified the +1 cloak of Repulsion {Will+} (You bought it
                  | in a shop on level 7 of the Dungeon)
 10935 | D:7      | Found a shadowy altar of Dithmenos.
 11040 | D:7      | Found a basalt altar of Yredelemnul.
 11522 | D:8      | Reached skill level 5 in Armour
 11522 | D:8      | Reached XP level 11. HP: 74/79 MP: 0/0
 11522 | D:8      | Learned a level 5 spell: Lightning Bolt
 11862 | D:8      | Noticed an eight-headed hydra
 11862 | D:8      | Noticed a deep elf pyromancer
 11984 | D:8      | Found a runed translucent door.
 11984 | D:8      | Noticed a red ugly thing
 11986 | D:8      | Noticed a cyclops
 11986 | D:8      | Noticed a catoblepas
 11986 | D:8      | Noticed a skeletal warrior
 12014 | D:8      | Found a transporter.
 12030 | D:8      | Identified the +5 mace "Naral" {vorpal, rC++ Int-5 Dex+3}
 12030 | D:8      | Identified the ring of Zequgh {rElec rPois rF++ Str-3
                  | Dex+6}
 12157 | D:8      | Found a transporter.
 12252 | D:8      | Noticed DocClef's ghost (novice GnFE)
 12366 | D:8      | Found a stormy altar of Qazlal.
 12777 | D:9      | Found Xialeurgh's General Store.
 12853 | D:9      | Found a staircase to the Orcish Mines.
 13124 | D:9      | Noticed a centaur warrior
 13125 | D:9      | Reached skill level 10 in Spellcasting
 13130 | D:9      | Killed a centaur warrior
 13335 | D:9      | Found Askehun's Assorted Antiques.
 13343 | D:9      | Bought a blackened blue amulet for 135 gold pieces
 13343 | D:9      | Bought an orange potion for 24 gold pieces
 13401 | D:9      | Noticed a boulder beetle
 13407 | D:9      | Killed a boulder beetle
 13581 | D:9      | Noticed Grum
 13587 | D:9      | Killed Grum
 13596 | D:9      | Noticed a two-headed ogre
 13603 | D:9      | Killed a two-headed ogre
 14027 | D:10     | Entered Level 10 of the Dungeon
 14044 | D:10     | Reached skill level 11 in Spellcasting
 14144 | D:9      | Reached XP level 12. HP: 68/86 MP: 0/0
 14398 | D:10     | Found a white marble altar of Elyvilon.
 14931 | D:11     | Found a staircase to the Lair.
 14955 | D:11     | Noticed Erica
 15109 | D:11     | Killed Erica
 15197 | D:11     | Noticed an eight-headed hydra
 15200 | D:11     | Killed an eight-headed hydra
 15201 | D:11     | Noticed an ogre mage
 15205 | D:11     | Killed an ogre mage
 15930 | D:11     | Found a staircase to the Lair.
 16075 | Lair:1   | Entered Level 1 of the Lair of Beasts
 16120 | Lair:1   | Reached skill level 12 in Spellcasting
 16124 | Lair:1   | Reached skill level 5 in Shields
 16697 | Lair:1   | Reached XP level 13. HP: 79/94 MP: 0/0
 16697 | Lair:1   | Learned a level 5 spell: Manifold Assault
 17967 | Lair:3   | Found a staircase to the Snake Pit.
 17977 | Lair:3   | Reached skill level 1 in Short Blades
 18723 | Lair:4   | Noticed Sonja
 18724 | Lair:4   | Killed Sonja
 18827 | Lair:4   | Reached skill level 13 in Spellcasting
 18836 | Lair:4   | Noticed an eight-headed hydra
 18842 | Lair:4   | Killed an eight-headed hydra
 18917 | Lair:4   | Noticed a five-headed hydra
 18924 | Lair:4   | Killed a five-headed hydra
 19106 | Lair:4   | Found a gate leading to a gauntlet.
 19123 | Gauntlet | Entered a Gauntlet
 19123 | Gauntlet | Found a transporter.
 19123 | Gauntlet | Found a transporter.
 19123 | Gauntlet | Found a transporter.
 19144 | Gauntlet | Found a transporter.
 19159 | Gauntlet | Found a transporter.
 19160 | Gauntlet | Noticed an ettin
 19160 | Gauntlet | a redback changed into an ettin
 19162 | Gauntlet | Found a transporter.
 19182 | Gauntlet | Found a transporter.
 19197 | Gauntlet | Found a transporter.
 19198 | Gauntlet | Noticed a dire elephant
 19200 | Gauntlet | Found a transporter.
 19203 | Gauntlet | Found a transporter.
 19212 | Gauntlet | Found a transporter.
 19215 | Gauntlet | Found a transporter.
 19230 | Gauntlet | Noticed a bunyip
 19317 | Gauntlet | Noticed an entropy weaver
 19328 | Gauntlet | Noticed a broodmother
 19328 | Gauntlet | an entropy weaver changed into a broodmother
 19384 | Gauntlet | a broodmother changed into something unseen
 19440 | Gauntlet | Noticed an ettin
 19469 | Gauntlet | Noticed a boulder beetle
 19530 | Gauntlet | Slain by a meliai

Illustrated notes

Levels and vault maps discovered:
D:1:      heliophobic_arrival_enchanted_forest, layout_basic,
          shapermc_ecumenical_altar_gd, minmay_misc_feat_tiny
D:2:      layout_basic, basic_altar, serial_shops, shop, minivault_5,
          minmay_tall_x
D:3:      layout_basic, uniq_jessica
D:4:      cheibrodos_greedy_goblins, layout_basic, minmay_temple_entry_grid,
          st_stairs_10, minmay_close_crescents, uniq_robin
D:5:      layout_loops_cross, chequers_temple_overflow_statue_of_worship,
          serial_shops, shop, st_stairs_10, minmay_manual_mullet, uniq_eustachio
D:6:      layout_cave_pools, general_overflow_altar, serial_shops,
          nicolae_shop_stone, minmay_manual_monstrance, uniq_crazy_yiuf_cottage,
          uniq_pikel, uniq_menkaure, uniq_grinder, uniq_maggie
D:7:      layout_basic, palyth_temple_overflow_mages,
          mainiacjoe_overflow_catch_the_wave, serial_shops,
          kennysheep_mini_moat, worms_lemuel
D:8:      minmay_gate_of_8, layout_loops_cross, kennysheep_little_box,
          gammafunk_ghost_gnarly_gnolls
D:9:      layout_basic, minmay_orc_entry_temple_small, serial_shops,
          nicolae_shop_waterfront, shop_statue, uniq_grum
D:10:     layout_irregular_city, elyvilon_altar_5, bh_circular_ruins
D:11:     minmay_bloctagon_deflated, layout_cave_pools, david_lair_shrubbed,
          uniq_erica
Lair:1:   layout_cave_pods, grunt_megastairs_5
Lair:2:   layout_chaotic_city, lemuel_fruit_tree
Lair:3:   layout_misc_corridors, minmay_snake_entry_six_corridors
Lair:4:   layout_cave_pods, palyth_hydra_swamp_entry, gauntlet_entry_generic,
          kennysheep_snail_temple, infiniplex_staircase_pool_2, uniq_sonja
Gauntlet: minmay_gauntlet_mixed_big_or_small [gammafunk_gauntlet_arena_corners,
          minmay_gauntlet_arena_77_mirror, nicolae_gauntlet_arena_t_cross,
          minmay_gauntlet_arena_77_braids,
          gammafunk_gauntlet_arena_arrow_garden,
          minmay_gauntlet_arena_77_chump_sandwich,
          nicolae_gauntlet_exit_dead_adventurers]

Skill      XL: |  1  2  3  4  5  6  7  8  9 10 11 12 13 |
---------------+----------------------------------------+-----
Spellcasting   | 3 4 5 6 7 9 11 12 13 | 13.2
Fighting       | 4 5 6 7 8 9 |  9.6
Dodging        | 1 2 3 4 6 7 8 |  8.7
Shields        | 1 2 3 4 5 6 |  6.3
Armour         | 1 3 5 6 7 8 |  8.5
Short Blades   | 2 |  2.8
Polearms       | |  2.4

Action                   |  1- 3 |  4- 6 |  7- 9 | 10-12 | 13-15 || total
-------------------------+-------+-------+-------+-------+-------++-------
Melee: Spear             |    17 |       |     2 |     1 |     8 ||    28
       Dagger            |       |       |       |       |     8 ||     8
 Cast: Scorch            |    43 |    50 |    74 |   163 |    81 ||   411
       Foxfire           |       |    43 |   125 |   217 |    49 ||   434
       Sticky Flame      |       |       |    12 |    38 |    38 ||    88
       Static Discharge  |       |       |       |     4 |     2 ||     6
       Lightning Bolt    |       |       |       |    40 |     3 ||    43
       Manifold Assault  |       |       |       |       |     5 ||     5
  Use: Scroll            |       |       |     9 |    11 |     2 ||    22
       Potion            |       |       |       |       |     1 ||     1
Armor: Robe              |     4 |     1 |     9 |       |       ||    14
       Ring mail         |       |       |       |    37 |    34 ||    71
       Acid dragon scale |       |       |       |     1 |       ||     1
Dodge: Dodged            |    14 |     3 |    18 |    57 |    46 ||   138
Block: Buckler           |       |     1 |     7 |    20 |    17 ||    45
